 Zot Defence DCSS version 0.15.2 (webtiles) character file.

285 Adamkad1 the Covered (level 6, -2/39 HPs)
             Began as a Gargoyle Fighter on Jan 8, 2019.
             Slain by Ipinoew the redback (7 damage)
             ... in the Realm of Zot (Scenario IV: Columnade).
             The game lasted 00:03:37 (673 turns).

Adamkad1 the Covered (Gargoyle Fighter)              Turns: 673, Time: 00:03:38

HP  -2/39        AC 11     Str 22      XL: 6   Next: 29%
MP   6/6         EV  7     Int  8      God:
Gold 0           SH  9     Dex  9      Spells:  0 memorised,  5 levels left

rFire  . . .     SeeInvis .     a - +0 flail
rCold  . . .     Clarity  .     b - +0 scale mail
rNeg   + . .     rCorr    .     c - +0 shield
rPois  +         rRot     +     (no helmet)
rElec  +         Spirit   .     (no cloak)
SustAb .         Warding  .     (no gloves)
rMut   .         Stasis   .     (no boots)
Gourm  .                        (no amulet)
MR     .....                    (no ring)
                                (no ring)

@: exhausted, slowed, very slow, not resistant to hostile enchantments,
extremely unstealthy
A: negative energy resistance 1, electricity resistance, unbreathing,
petrification resistance, rot immunity, AC +4
a: Make oklob sapling, Make arrow trap, Make plant, Remove Curse, Make burning
bush, Make altar, Make grenades


You were in the Realm of Zot.
You were not hungry.

You visited 1 branch

Inventory:

Hand weapons
 a - a +0 flail (weapon)
Armour
 b - a +0 scale mail (worn)
 c - a +0 shield (worn)
Comestibles
 f - a bread ration
 l - 2 rotting chunks of goblin flesh
 m - a rotting chunk of ball python flesh
 n - a chunk of ball python flesh
Scrolls
 k - a scroll of blinking
Potions
 d - 3 potions of curing
 e - a potion of might
 g - a potion of heal wounds
 h - a potion of haste
 i - 2 potions of magic


   Skills:
 + Level 4.5 Fighting
 * Level 3.2 Maces & Flails
 * Level 5.0 Armour
 - Level 0.4 Dodging
 * Level 4.6 Shields


You had 5 spell levels left.
You didn't know any spells.

Dungeon Overview and Level Annotations

Branches:
    Zot (1/1)

Altars:


Innate Abilities, Weirdness & Mutations

You are resistant to torment.
You are immune to poison.
Your stone body is very resilient (AC +4).
You resist negative energy.
You are resistant to electric shocks.
You can survive without breathing.
You are immune to petrification.
You are immune to rotting.


Message History

The iguana bites you but does no damage.
You block Ipinoew's attack.
You thump Ipinoew!
Ipinoew is almost dead.
The iguana hisses menacingly.
The iguana bites you but does no damage.
Ipinoew bites you but does no damage. The green rat bites you.
* * * LOW HITPOINT WARNING * * *
You closely miss Ipinoew.
Ipinoew is almost dead.
You block Ipinoew's attack.
The iguana bites you but does no damage.
The green rat bites you but does no damage.
Unknown command.
You barely miss Ipinoew.
Ipinoew is almost dead.
You are no longer berserk.
You are exhausted.
You feel yourself slow down. Ipinoew bites you!
You die...

▓▓▓▓▓▓▓▓▓ ▓▓▓▓▓ ▓▓.......▓▓
▓▓▓▓▓ ▓∆∆∆▓ ▓▓.........▓▓ ▓[))▓
▓∆∆∆▓▓ ▓....)P.....▓ ▓▓))∆▓
▓▓▓▓▓▓▓▓▓▓.l..s@r....▓▓▓▓▓▓▓▓▓▓
▓▓....P....l......P....▓▓
▓.................)...▓
▓...▓▓▓▓.......▓▓▓▓...▓
▓▓...▓▓▓▓.....▓▓▓▓...▓▓
▓▓...▓▓▓▓...▓▓▓▓r..▓▓
▓▓...▓▓▓▓▓▓▓▓▓l..▓▓ ▓▓...▓▓
▓▓...▓▓ ▓▓...▓▓ ▓▓...▓▓


You could see Ipinoew the redback, 2 iguanas, a green rat and a friendly oklob
sapling.

Vanquished Creatures
  A hound (Zot)
  An iguana (Zot)
  An adder (Zot)
  A gnoll (Zot)
  A giant mite (Zot)
  4 oozes (Zot)
  6 ball pythons (Zot)
  7 bats (Zot)
  2 giant cockroaches (Zot)
  2 goblins (Zot)
  2 jackals (Zot)
  3 giant newts (Zot)
  2 kobolds (Zot)
  5 rats (Zot)
38 creatures vanquished.

Vanquished Creatures (collateral kills)
  2 hounds (Zot)
  A jackal (Zot)
  2 kobolds (Zot)
  A giant newt (Zot)
6 creatures vanquished.

Grand Total: 44 creatures vanquished

Notes
Turn   | Place    | Note
--------------------------------------------------------------
     0 | Zot      | Adamkad1, the Gargoyle Fighter, began the quest for the Orb.
     0 | Zot      | Reached XP level 1. HP: 14/14 MP: 1/1
   218 | Zot      | Reached XP level 2. HP: 19/19 MP: 2/2
   246 | Zot      | Noticed Hilog
   259 | Zot      | Killed Hilog the hound
   259 | Zot      | Reached skill level 4 in Fighting
   259 | Zot      | Reached XP level 3. HP: 18/24 MP: 3/3
   259 | Zot      | Reached XP level 4. HP: 21/29 MP: 4/4
   477 | Zot      | Reached XP level 5. HP: 18/33 MP: 5/5
   658 | Zot      | Noticed Ipinoew
   659 | Zot      | Reached XP level 6. HP: 24/39 MP: 6/6
   661 | Zot      | Reached skill level 5 in Armour
   673 | Zot      | Slain by Ipinoew the redback

Action                   |  1- 3 |  4- 6 || total
-------------------------+-------+-------++-------
Melee: Flail             |    27 |   127 ||   154
 Abil: Make plant        |       |     2 ||     2
       Make oklob saplin |       |     1 ||     1
  Use: Potion            |       |     1 ||     1
